 Dungeon Crawl Stone Soup version 0.30-a0-553-g7fabdf1491 (webtiles) character file.

Game seed: 122204325583187787

123 wilfster70 the Chopper (level 4, 0/41 HPs)
             Began as a Minotaur Berserker on Dec 26, 2022.
             Was a Believer of Trog.
             Killed from afar by Natasha (11 damage)
             ... with a magic dart
             ... on level 3 of the Dungeon.
             The game lasted 00:04:34 (1774 turns).

wilfster70 the Chopper (Minotaur Berserker)         Turns: 1774, Time: 00:04:34

Health: 0/41       AC:  9    Str: 24    XL:     4   Next: 79%
Magic:  3/3        EV:  9    Int:  4    God:    Trog [**....]
Gold:   119        SH:  0    Dex:  9    Spells: 3/3 levels left

rFire   . . .      SeeInvis .    a - +0 hand axe (flame)
rCold   . . .      Faith    .    (no shield)
rNeg    . . .      Spirit   .    e - +0 chain mail
rPois   .          Reflect  .    (helmet restricted)
rElec   .          Harm     .    (no cloak)
rCorr   .          Rampage  .    (no gloves)
Will    .....                    (no boots) Stlth
                                 (no amulet)
HPRegen 0.26/turn                (no ring)
MPRegen 0.08/turn                (no ring)

@: on berserk cooldown, slowed, very slow
A: horns 2, retaliatory headbutt
a: Renounce Religion, Berserk, Trog's Hand


You were on level 3 of the Dungeon.
You worshipped Trog.
Trog was pleased with you.
You visited 1 branch of the dungeon, and saw 3 of its levels.

You collected 119 gold pieces.

Inventory:

Hand Weapons
 a - a +0 hand axe of flaming (weapon)
Armour
 b - a +0 animal skin
 e - a +0 chain mail (worn)
Scrolls
 h - a scroll of magic mapping {unknown}
Potions
 c - 2 potions of mutation
 d - 2 potions of curing {unknown}
 f - a potion of lignification
 g - 3 potions of heal wounds
 i - a potion of resistance {unknown}
 j - a potion of ambrosia {unknown}


   Skills:
 + Level 4.4 Fighting
 * Level 5.1 Axes
 + Level 3.4 Armour
 + Level 3.1 Dodging


You had 3 spell levels left.
You didn't know any spells.
Your spell library was empty.

Dungeon Overview and Level Annotations

Branches:
Dungeon (3/15)

Altars:

Annotations:
D:3 Natasha


Innate Abilities, Weirdness & Mutations

You have a pair of horns on your head.
You reflexively headbutt those who attack you in melee.


Message History

You kill the orc!
Trog accepts your kill.
Found 6 stones.
Found a stone staircase leading down.
You feel a strong urge to attack something.
Jessica hits you but does no damage.
You are electrocuted!!
You slash Jessica! You burn Jessica.
You kill Jessica!
Trog accepts your kill.
Trog appreciates your killing of a magic user.
Your Axes skill increases to level 5!
You are no longer berserk.
You are exhausted.
You feel yourself slow down.
An orc comes into view. It is wielding a +0 war axe.
The orc hits you with a +0 flail.
The orc shouts!
You slash the orc! You burn the orc.
You kill the orc!
Trog accepts your kill.
You hear a bark! x2
Natasha, Servant of Life and Death comes into view.
A rat comes into view.
Natasha moves out of view.
An orc comes into view. It is wielding a +0 whip.
The orc moves out of view.
You see here a +0 flail.
An orc comes into view. It is wielding a +0 short sword.
An orc comes into view. It is wielding a +0 hand axe.
You see here a +0 plate armour.
The orc attacks as you move away! The orc hits you with a +0 war axe.
The orc barely misses you.
The orc shouts!
You hear a shout! x2
Natasha mumbles some strange words.
The orc attacks as you move away! The orc completely misses you.
The white imp gestures at you. The puff of frost hits you!
* * * LOW HITPOINT WARNING * * *
Natasha stares at you and mumbles some strange words.
The magic dart hits you!
You die...

.... ...##### .(> ... ####..
..###############
##...#.##.#.............#
+.###...#.#†###########.#
#...#.h#)#)###########.#
##.5)..)@..........#.#
##.....).o..........#.##
##......r...............#
#.....)[.............#..#
#................(.......###
............................
###..#o##o#######+#.#..#.###
#..... #.# #.#.#..#.###
......# #.# #.#.#.......


You could see Natasha, a white imp (summoned), 3 orcs and a rat.

Vanquished Creatures
  Jessica (D:3)
  Ijyb (D:3)
  An adder (D:2)
  3 worms (D:2)
  3 dart slugs
  4 orcs (D:3)
  A bat (D:2)
  3 endoplasms (D:1)
  3 giant cockroaches
  5 goblins
  2 hobgoblins (D:2)
  2 jackals (D:2)
  A kobold (D:2)
  A quokka (D:1)
  8 ball pythons
  2 frilled lizards
  2 rats (D:2)
  A spectral kobold (D:2)
44 creatures vanquished.

Notes
Turn   | Place    | Note
-------+----------+-------------------------------------------
     0 | D:1      | wilfster70 the Minotaur Berserker began the quest for the
                  | Orb.
     0 | D:1      | Reached XP level 1. HP: 19/19 MP: 0/0
   180 | D:1      | Reached XP level 2. HP: 23/27 MP: 1/1
   371 | D:1      | Reached skill level 4 in Axes
  1026 | D:2      | Reached XP level 3. HP: 27/33 MP: 2/2
  1070 | D:2      | Reached ** piety under Trog
  1488 | D:2      | Found a faded altar of an unknown god.
  1748 | D:3      | Noticed Ijyb
  1757 | D:3      | Killed Ijyb
  1758 | D:3      | Reached XP level 4. HP: 41/41 MP: 3/3
  1760 | D:3      | Noticed Jessica
  1766 | D:3      | Killed Jessica
  1767 | D:3      | Reached skill level 5 in Axes
  1769 | D:3      | Noticed Natasha
  1774 | D:3      | Killed from afar by Natasha

Illustrated notes

Levels and vault maps discovered:
D:1:      dpeg_arrival_central, layout_loops_corners
D:2:      layout_basic, dreamdust_ecumenical_altar_drowned_temple,
          minmay_mini_jars
D:3:      layout_basic, grunt_ministairs_7, wad_orctagon,
          uniq_crazy_yiuf_cottage, uniq_natasha, uniq_jessica, uniq_terence,
          uniq_ijyb

Skill      XL: |  1  2  3  4 |
---------------+-------------+-----
Axes           | 4 5 |  5.1
Fighting       | 4 |  4.4
Armour         | 3 |  3.4
Dodging        | 3 |  3.1

Action                   |  1- 3 |  4- 6 || total
-------------------------+-------+-------++-------
Melee: Hand axe          |    93 |     6 ||    99
       Headbutt          |    12 |     1 ||    13
       Punch             |     1 |       ||     1
Invok: Berserk           |     2 |       ||     2
  Use: Scroll            |     9 |       ||     9
Armor: Animal skin       |     3 |       ||     3
       Chain mail        |    41 |     2 ||    43
Dodge: Dodged            |    34 |     3 ||    37

Table legend: (Time is in decaauts)
 A = Elapsed time spent in this place.
 B = Non-inter-level travel time spent in this place.
 C = Inter-level travel time spent in this place.
 D = Time resting spent in this place.
 E = Time spent auto-exploring this place.
 F = Levels seen in this place.
 G = Mean time per level.
                   A        B        C        D        E       F      G
               +--------+--------+--------+--------+--------+-----+--------+
         Total |   1797 |   1749 |     48 |     33 |   1158 |   3 |  599.0 |
       Dungeon |   1797 |   1749 |     48 |     33 |   1158 |   3 |  599.0 |
               +--------+--------+--------+--------+--------+-----+--------+

Top non-repeatable levels by time:
     D:1: 914 daAuts
     D:2: 771 daAuts
     D:3: 110 daAuts
